 Dungeon Crawl Stone Soup version 0.28.0-45-g0d030f2227 (webtiles) character file.

Game seed: 3616893693781549628

2583 pkoi the Martial Artist (level 9, -7/74 HPs)
             Began as a Demigod Gladiator on Apr 11, 2022.
             Mangled by a two-headed ogre
             ... wielding a +0 giant spiked club
              (19 damage)
             ... on level 7 of the Dungeon.
             The game lasted 00:06:44 (7568 turns).

pkoi the Martial Artist (Demigod Gladiator)         Turns: 7568, Time: 00:06:44

Health: -7/74      AC: 14    Str: 25    XL:     9   Next: 11%
Magic:  11/11      EV: 10    Int: 14    God:
Gold:   339        SH:  5    Dex: 19    Spells: 8/8 levels left

rFire   + . .      SeeInvis .   A - +9 mace "Huiliul" {vorpal, Fragile Fly rPois}
rCold   . . .      Faith    .   (no shield)
rNeg    . . .      Spirit   .   p - +0 plate armour
rPois   +          Reflect  +   b - +1 helmet
rElec   .          Harm     .   g - +0 cloak
rCorr   .          Rampage  .   (no gloves)
Will    .....                   (no boots)
Stlth   ..........              f - amulet of reflection
HPRegen 0.22/turn               l - ring of protection from fire
MPRegen 0.12/turn               t - +6 ring of strength

@: flying
A: high MP 1, forlorn, divine attributes
a: no special abilities


You were on level 7 of the Dungeon.
You visited 1 branch of the dungeon, and saw 7 of its levels.

You collected 339 gold pieces.

Inventory:

Hand Weapons
 e - a +0 dagger of protection
 u - a +2 dagger of venom
 A - the +9 mace "Huiliul" (weapon) {vorpal, Fragile Fly rPois}
   (You found it on level 4 of the Dungeon)

   It inflicts extra damage upon your enemies.
   rPois:     It protects you from poison.
   Fly:       It grants you flight.
   Fragile:   It will be destroyed if unequipped.
Missiles
 c - 3 throwing nets (quivered)
Armour
 a - a +0 leather armour
 b - a +1 helmet (worn)
 g - a +0 cloak (worn)
 p - a +0 plate armour (worn)
Magical Staves
 o - a staff of poison
Jewellery
 f - an amulet of reflection (around neck)
 l - a ring of protection from fire (left hand)
 r - a ring of resist corrosion
 t - a +6 ring of strength (right hand)
 z - a ring of magical power
 C - a ring of protection from fire
Wands
 q - a wand of flame (34)
 G - a wand of iceblast (4)
Scrolls
 m - 4 scrolls of enchant weapon
 s - 4 scrolls of teleportation
 w - 4 scrolls of identify
 y - 3 scrolls of silence
 E - a scroll of immolation {unknown}
Potions
 d - a potion of magic {unknown}
 h - a potion of ambrosia
 k - a potion of curing
 n - 2 potions of brilliance
 x - a potion of resistance {unknown}
 B - a potion of invisibility {unknown}
 D - 2 potions of cancellation
 F - a potion of haste


   Skills:
 + Level 5.3 Fighting
 - Level 1.7 Throwing
 - Level 3.0 Armour
 - Level 6.0 Dodging
 + Level 8.9 Unarmed Combat


You had 8 spell levels left.
You didn't know any spells.
Your spell library contained the following spells:

 Spells                   Type           Power      Damage    Failure   Level
 Gell's Gravitas          Tloc           0%         N/A       100%        3
 Lesser Beckoning         Tloc           0%         N/A       100%        3
 Ozocubu's Armour         Ice            0%         N/A       100%        3
 Teleport Other           Tloc           0%         N/A       100%        3
 Ozocubu's Refrigeration  Ice            0%         4d5       100%        7


Dungeon Overview and Level Annotations

Branches:
Dungeon (7/15)             Temple (0/1) D:4


Innate Abilities, Weirdness & Mutations

You have an increased reservoir of magic. (+10% MP)
You shall have no god before yourself.
Your divine heritage dramatically boosts your attributes as you level up.


Message History

The two-headed ogre is moderately wounded.
The two-headed ogre hits you with a +0 giant spiked club!!
* * * LOW HITPOINT WARNING * * *
The two-headed ogre hits you but does no damage.
Unknown command.
You sock the two-headed ogre!
The two-headed ogre is heavily wounded.
The two-headed ogre barely misses you.
The two-headed ogre hits you with a +0 giant spiked club!
* * * LOW HITPOINT WARNING * * *
Unknown command.
Okay, then.
That's the wrong kind of item! (Use * to select it.) Evoke which item? (* to show all) (? for menu, Esc to quit)
Okay, then.
Aiming: Iceblast
Press: ? - help, Shift-Dir - straight line, f/p - two-headed ogre
Aim: a two-headed ogre, wielding two +0 giant spiked clubs (heavily wounded)
The mass of ice explodes!
The iceblast engulfs the two-headed ogre!
The two-headed ogre is severely wounded.
You hear a shout! x3
A jelly comes into view.
Aiming: Iceblast
Press: ? - help, Shift-Dir - straight line, p - two-headed ogre The mass of ice explodes!
The iceblast engulfs the two-headed ogre!
The two-headed ogre is almost dead.
The jelly quivers.
The two-headed ogre hits you with a +0 giant spiked club.
* * * LOW HITPOINT WARNING * * *
The two-headed ogre closely misses you.
Aiming: Iceblast
Press: ? - help, Shift-Dir - straight line The mass of ice explodes!
The iceblast engulfs the two-headed ogre.
The two-headed ogre is almost dead.
You hear a shout!
The two-headed ogre hits you with a +0 giant spiked club!!
You die...

... ... .## #. #.#
.J.##. #.# #.... #.#
####..##.# #........#
#......O.####
#......@##..#
#..........##
#.......#..#
######....##
..###....###.....#####
###.........#..........#
.....#.................#
......[......#.#.......#
.............#.###.#####


You could see a two-headed ogre and a jelly.

Vanquished Creatures
  A two-headed ogre (D:5)
  A vampire (D:5)
  2 sky beasts (D:5)
  A black bear (D:7)
  A necrophage (D:6)
  An ogre (D:5)
  A centaur (D:7)
  A kobold brigand (D:5)
  2 bullfrogs
  6 scorpions
  3 wights (D:5)
  A bullfrog zombie (D:3)
  A centaur zombie (D:5)
  Crazy Yiuf (D:4)
  2 bullfrog skeletons
  A hound (D:4)
  2 centaur skeletons
  An orc priest (D:4)
  6 iguanas
  A scorpion zombie (D:5)
  A hound skeleton (D:4)
  A howler monkey zombie (D:7)
  A gnoll (D:1)
  6 adders
  A shadow imp (D:6)
  A white imp (D:6)
  An ufetubus (D:7)
  An adder skeleton (D:4)
  2 worms
  2 dart slugs
  3 orcs
  3 ball pythons
  2 endoplasms
  3 giant cockroaches
  5 goblins
  6 hobgoblins
  11 jackals
  10 kobolds
  5 quokkas
  6 bats
  3 rats
110 creatures vanquished.

Notes
Turn   | Place    | Note
-------+----------+-------------------------------------------
     0 | D:1      | pkoi the Demigod Gladiator began the quest for the Orb.
     0 | D:1      | Reached XP level 1. HP: 17/17 MP: 3/3
   103 | D:1      | Reached skill level 3 in Unarmed Combat
   600 | D:1      | Reached XP level 2. HP: 13/24 MP: 4/4
  1217 | D:2      | Reached XP level 3. HP: 26/29 MP: 5/5
  1271 | D:2      | Reached skill level 4 in Unarmed Combat
  2294 | D:3      | Reached XP level 4. HP: 16/36 MP: 6/6
  2539 | D:3      | You fall into a shaft and drop 3 floors!
  3242 | D:6      | Noticed a necrophage
  3257 | D:6      | Killed a necrophage
  3258 | D:6      | Reached skill level 5 in Unarmed Combat
  3258 | D:6      | Reached XP level 5. HP: 38/41 MP: 7/7
  3322 | D:5      | Entered Level 5 of the Dungeon
  3322 | D:5      | Noticed an ogre
  3327 | D:5      | Killed an ogre
  3328 | D:5      | Reached XP level 6. HP: 40/48 MP: 8/8
  3928 | D:3      | Found Saihiph's Armour Shoppe.
  4120 | D:4      | Reached skill level 5 in Dodging
  4296 | D:4      | Found a staircase to the Ecumenical Temple.
  4342 | D:4      | Reached skill level 6 in Unarmed Combat
  4529 | D:4      | Reached XP level 7. HP: 49/53 MP: 9/9
  4782 | D:4      | Found a runed translucent door.
  4787 | D:4      | Identified the +9 mace "Huiliul" {vorpal, Fragile Fly
                  | rPois}
  4795 | D:4      | Noticed Crazy Yiuf
  4801 | D:4      | Killed Crazy Yiuf
  4857 | D:5      | Reached skill level 1 in Armour
  5111 | D:5      | Noticed a vampire
  5117 | D:5      | Killed a vampire
  5118 | D:5      | Reached skill level 7 in Unarmed Combat
  5167 | D:5      | Reached XP level 8. HP: 51/60 MP: 10/10
  5860 | D:5      | Noticed a two-headed ogre
  5867 | D:5      | HP: 2/62 [two-headed ogre/+0 giant spiked club (17)]
  5868 | D:5      | Killed a two-headed ogre
  5869 | D:5      | Reached skill level 8 in Unarmed Combat
  7339 | D:7      | Reached XP level 9. HP: 68/73 MP: 11/11
  7342 | D:7      | Reached skill level 5 in Fighting
  7554 | D:7      | Noticed a two-headed ogre
  7568 | D:7      | Mangled by a two-headed ogre

Illustrated notes

Levels and vault maps discovered:
D:1:      matt_arrival_diagonals, layout_basic, basic_ecumenical_altar,
          chequers_serial_rivers_room_b
D:2:      layout_rooms, grunt_ministairs_14, minmay_pentomino_pile
D:3:      layout_loops_ring, chequers_temple_overflow_statue_of_worship,
          serial_shops, nicolae_shop_hallway_plus, serial_bayou_pond_c
D:4:      layout_rooms, minmay_temple_entry_sparse_star, uniq_crazy_yiuf_cottage
D:5:      layout_gridville
D:6:      layout_loops_ring, nicolae_overflow_hidden_temple, abandoned_shop
D:7:      layout_rooms, enter_bailey_5, corner_web_ring

Skill      XL: |  1  2  3  4  5  6  7  8  9 |
---------------+----------------------------+-----
Unarmed Combat | 3 4 5 6 7 8 |  8.9
Dodging        | 3 4 5 6 |  6.0
Armour         | 3 |  3.0
Fighting       | 4 5 |  5.3
Throwing       | |  1.7

Action                   |  1- 3 |  4- 6 |  7- 9 || total
-------------------------+-------+-------+-------++-------
Melee: Unarmed           |   166 |   180 |    32 ||   378
       Punch             |     3 |     3 |     6 ||    12
       Mace              |       |       |   123 ||   123
Evoke: Wand              |       |     4 |     3 ||     7
  Use: Scroll            |     1 |     6 |     4 ||    11
       Potion            |       |     3 |       ||     3
 Stab: Sleeping          |     3 |       |       ||     3
Armor: Leather armour    |    28 |       |       ||    28
       Plate armour      |       |    78 |   113 ||   191
Dodge: Dodged            |   122 |    54 |    81 ||   257
Block: Other             |    40 |    28 |    45 ||   113
